 Dungeon Crawl Stone Soup version 0.30-a0-728-gc68057be0a (webtiles) character file.

Game seed: 12152503965637719385

170 testman the Conjurer (level 5, 0/38 HPs)
             Began as a Draconian Conjurer on Jan 31, 2023.
             Slain by an orc
             ... wielding a +0 hand axe
              (1 damage)
             ... on level 2 of the Dungeon.
             The game lasted 00:08:11 (2824 turns).

testman the Conjurer (Draconian Conjurer)           Turns: 2824, Time: 00:08:12

Health: 0/38       AC:  5    Str: 15    XL:     5   Next: 26%
Magic:  6/9        EV: 12    Int: 20    God:
Gold:   124        SH:  0    Dex: 10    Spells: 0/10 levels left

rFire   . . .      SeeInvis .    f - +0 dagger
rCold   . . .      Faith    .    (no shield)
rNeg    . . .      Spirit   .    (body armour unavailable)
rPois   .          Reflect  .    (helmet restricted)
rElec   .          Harm     .    (no cloak)
rCorr   .          Rampage  .    (no gloves)
Will    .....                    (no boots)
Stlth   ++                       (no amulet)
HPRegen 0.26/turn                d - +6 ring of strength
MPRegen 0.11/turn                (no ring)

@: no status effects
A: AC +5, unfitting armour, cold-blooded
a: no special abilities


You were on level 2 of the Dungeon.
You visited 1 branch of the dungeon, and saw 3 of its levels.

You collected 124 gold pieces.

Inventory:

Hand Weapons
 f - a +0 dagger (weapon)
Magical Staves
 j - a staff of air
Jewellery
 d - a +6 ring of strength (left hand)
Scrolls
 a - a scroll of blinking {unknown}
 b - 2 scrolls of fog {unknown}
 e - 2 scrolls of identify {unknown}
 h - 4 scrolls of noise {unknown}
 k - a scroll of enchant armour {unknown}
 l - a scroll of summoning {unknown}
 m - 2 scrolls of teleportation {unknown}
 q - a scroll of magic mapping {unknown}
Potions
 c - 2 potions of lignification {unknown}
 g - a potion of curing {unknown}
 i - 4 potions of heal wounds {unknown}
 n - a potion of brilliance {unknown}
 o - 2 potions of degeneration {unknown}
 p - a potion of attraction {unknown}


   Skills:
 - Level 1.7 Dodging
 - Level 1.7 Stealth
 + Level 3.3 Spellcasting
 + Level 5.0 Conjurations
 + Level 2.4 Hexes


You couldn't memorise any spells.
You knew the following spells:

 Your Spells              Type           Power      Damage    Failure   Level
a - Magic Dart            Conj           92%        1d7       1%          1
b - Searing Ray           Conj           46%        2d6       2%          2
c - Dazzling Flash        Conj/Hex       36%        N/A       9%          3
d - Fulminant Prism       Conj/Hex       9%         3d6       30%         4

Your spell library contained the following spells:

 Spells                   Type           Power      Damage    Failure   Level
 Iskenderun's Mystic Bla  Conj/Tloc      13%        2d5       43%         4


Dungeon Overview and Level Annotations

Branches:
Dungeon (3/15)

Altars:
Qazlal

Shops:
D:2 (


Innate Abilities, Weirdness & Mutations

Your plain brown scales are hard. (AC +5)
You cannot fit into any form of body armour.
You are cold-blooded and may be slowed by cold attacks.


Message History

There is a stone staircase leading up here.
You climb upwards.
There is a stone staircase leading down here.
You start resting.
HP restored.
You climb downwards.
The orc hits you with a +0 hand axe.
The orc priest invokes the aid of Beogh against you.
Beogh smites you! The orc hits you but does no damage. x3
The orc hits you with a +0 short sword. The orc misses you.
The orc hits you but does no damage.
There is a stone staircase leading up here.
The orc hits you but does no damage. x2; The orc barely misses you. x3
The orc hits you with a +0 club.
You climb upwards.
There is a stone staircase leading down here.
Casting: Searing Ray (safe; 2% risk of failure)
Confirm with . or Enter, or press ? or * to list all spells.
Casting: Dazzling Flash (dangerous; 9% risk of failure)
Press: ? - help, Dir - look around, f - activate The orc is dazzled. x5; The orc misses you.
The orc hits you with a +0 hand axe.
* * * LOW HITPOINT WARNING * * *
The orc closely misses you. The orc hits you but does no damage.
The orc closely misses you.
You barely miss the orc. The orc misses you.
The orc hits you with a +0 hand axe.
* * * LOW HITPOINT WARNING * * *
The orc barely misses you. The orc hits you with a +0 short sword.
* * * LOW HITPOINT WARNING * * *
You barely miss the orc. The orc hits you but does no damage.
The orc barely misses you. x3; The orc hits you but does no damage.
You barely miss the orc.
You tail-slap the orc, but do no damage.
The orc is no longer blind.
The orc closely misses you. x2
The orc hits you with a +0 falchion.
* * * LOW HITPOINT WARNING * * *
The orc closely misses you. The orc barely misses you.
Okay, then.
Unknown command.
You barely miss the orc. The orc hits you with a +0 hand axe.
You die...

#.# ##### ##...###### #.# #.#
#.....# #.# #.# ##...## #.# #.#
##.## #.# #.# #.# #.# #.# #.# #.#
#.# ##'## #.# #.# ##..o##
#.####### ##.##### ##..oo@##
##.......#
..)....####....ooo######.##..##.#
##.......#.........##.......###.#
.........'........##..⌠...⌠..##.#
##.......#........#.....†....[#.#
##.#.#.####.......#.....⌠.....#.#
.......# ##.....##..<...†.>..#.#
##.##### ##...###.....⌠.....#.#
#.# ##'## #...........###


You could see 6 orcs.

Vanquished Creatures
  Natasha (twice) (D:3)
  An orc wizard (D:3)
  4 gnolls (D:2)
  An adder (D:3)
  A worm (D:2)
  5 dart slugs (D:1)
  An orc (D:3)
  5 bats
  2 endoplasms
  2 giant cockroaches (D:1)
  2 goblins
  3 hobgoblins
  3 jackals (D:2)
  A quokka (D:1)
  A ball python (D:1)
  A frilled lizard (D:2)
  4 kobolds (D:2)
  4 rats
43 creatures vanquished.

Notes
Turn   | Place    | Note
-------+----------+-------------------------------------------
     0 | D:1      | testman the Draconian Conjurer began the quest for the Orb.
     0 | D:1      | Reached XP level 1. HP: 14/14 MP: 3/3
   407 | D:1      | Reached XP level 2. HP: 20/20 MP: 0/5
   410 | D:1      | Learned a level 2 spell: Searing Ray
   966 | D:1      | Reached skill level 1 in Hexes
  1269 | D:2      | Reached XP level 3. HP: 26/26 MP: 0/6
  1273 | D:2      | Learned a level 3 spell: Dazzling Flash
  1482 | D:2      | Reached XP level 4. HP: 11/33 MP: 2/8
  1638 | D:2      | Found a stormy altar of Qazlal.
  1994 | D:3      | Noticed Natasha
  1997 | D:3      | Killed Natasha
  2097 | D:2      | Found Kicwimul's Weapon Shoppe.
  2333 | D:2      | Found a faded altar of an unknown god.
  2616 | D:3      | Noticed Natasha
  2620 | D:3      | Reached XP level 5. HP: 26/38 MP: 1/9
  2692 | D:2      | Learned a level 4 spell: Fulminant Prism
  2698 | D:3      | Killed Natasha
  2699 | D:3      | Reached skill level 5 in Conjurations
  2823 | D:2      | HP: 1/38 [orc/+0 falchion (6)]
  2824 | D:2      | Slain by an orc

Illustrated notes

Levels and vault maps discovered:
D:1:      psy_arrival_heroes, layout_loops_corners,
          nicolae_concentric_dashed_squares_mild, minmay_misc_feat_nine_boxes,
          chequers_garden, minmay_vboxes
D:2:      layout_loops_corners, hellmonk_ecumenical_altar_prayer_group,
          basic_altar, serial_shops, nicolae_shop_behind_doors,
          kennysheep_another_room, grunt_ministairs_10, patterned_corridor
D:3:      layout_rooms, lemuel_blue_sif_altar, lemuel_round_altar,
          serial_forest, infiniplex_forest_straight_1,
          infiniplex_forest_corner_2, infiniplex_forest_corner_1,
          infiniplex_forest_clump_small, infiniplex_forest_zigzag_1,
          uniq_natasha

Skill      XL: |  1  2  3  4  5 |
---------------+----------------+-----
Hexes          | 1 2 |  2.4
Spellcasting   | 3 |  3.3
Conjurations   | 5 |  5.0
Dodging        | |  1.7
Stealth        | |  1.7

Action                     |  1- 3 |  4- 6 || total
---------------------------+-------+-------++-------
  Melee: Unarmed           |     3 |       ||     3
         Dagger            |    19 |    14 ||    33
         Tailslap          |     4 |     3 ||     7
   Cast: Magic Dart        |    25 |    10 ||    35
         Searing Ray       |     5 |     9 ||    14
         Dazzling Flash    |       |     2 ||     2
    Use: Potion            |     1 |       ||     1
   Stab: Sleeping          |     1 |       ||     1
 Armour: Skin              |    16 |    21 ||    37
  Dodge: Dodged            |    31 |    30 ||    61

Table legend: (Time is in decaauts)
 A = Elapsed time spent in this place.
 B = Non-inter-level travel time spent in this place.
 C = Inter-level travel time spent in this place.
 D = Time resting spent in this place.
 E = Time spent auto-exploring this place.
 F = Levels seen in this place.
 G = Mean time per level.
                   A        B        C        D        E       F      G
               +--------+--------+--------+--------+--------+-----+--------+
         Total |   2826 |   2696 |    130 |    193 |   2132 |   3 |  942.0 |
       Dungeon |   2826 |   2696 |    130 |    193 |   2132 |   3 |  942.0 |
               +--------+--------+--------+--------+--------+-----+--------+

Top non-repeatable levels by time:
     D:2: 1455 daAuts
     D:1: 1246 daAuts
     D:3: 125 daAuts
